 Dungeon Crawl Stone Soup version 0.23-a0-586-gacb4b3f (webtiles) character file.

10915 MisterFreud the Grappler (level 11, -5/156 (157) HPs)
             Began as a Troll Hunter on Dec 19, 2018.
             Was a High Priest of Okawaru.
             Slain by a freezing wraith (7 damage)
             ... led by a death knight
             ... on level 11 of the Dungeon.
             The game lasted 00:33:34 (9815 turns).

MisterFreud the Grappler (Troll Hunter)             Turns: 9815, Time: 00:33:35

HP:   -5/156 (157)  AC: 25    Str: 25    XL:     11   Next: 42%
MP:   13/14         EV:  1    Int:  7    God:    Okawaru [*****.]
Gold: 588           SH:  0    Dex: 10    Spells: 10/10 levels left

rFire    . . .     SeeInvis .     - Unarmed
rCold    . . .     Gourm    +   (no shield)
rNeg     + + +     Faith    .   (armour currently unavailable)
rPois    +         Spirit   .   (helmet currently unavailable)
rElec    .         Reflect  .   (cloak currently unavailable)
rCorr    .         Harm     .   (gloves unavailable)
MR       +....     NoTele   +   (boots unavailable)
Stlth    +++.......             E - amulet of regeneration
HPRegen  1.16/turn              H - +1 ring of slaying
MPRegen  0.14/turn              u - ring of protection from magic

@: tree-form, heroism, very slightly contaminated, slowed, invisible, very slow
A: large, unfitting armour, fast metabolism 3, gourmand, regeneration 1
a: Heroism, Finesse, Renounce Religion


You were on level 11 of the Dungeon.
You worshipped Okawaru.
Okawaru was extremely pleased with you.
You were not hungry.
You were a tree.
You visited 2 branches of the dungeon, and saw 12 of its levels.

You collected 588 gold pieces.

Inventory:

Missiles
 c - 13 large rocks (quivered)
 d - 4 throwing nets
 e - 407 stones
 g - 3 tomahawks
 k - 5 curare-tipped needles
 p - 82 poisoned needles
 t - 4 poisoned tomahawks
 F - 5 exploding tomahawks
 G - 8 needles of sleeping
 I - 7 javelins of penetration
Armour
 y - a +2 robe of magic resistance (melded)
 D - the +3 hat "Ticiolym" (melded) {Str+2 SInv}
   (You acquired it on level 10 of the Dungeon)

   It affects your strength (+2).
   It lets you see invisible.
Jewellery
 j - an uncursed ring of protection from cold
 l - an uncursed ring of stealth
 n - an uncursed ring of fire
 u - a ring of protection from magic (right branch)
 E - an amulet of regeneration (around neck)
 H - a +1 ring of slaying (left branch)
Wands
 b - a wand of digging (5)
 r - a wand of scattershot (3)
 s - a wand of random effects (29)
 A - a wand of enslavement (8)
 C - a wand of polymorph (7)
Scrolls
 a - 8 scrolls of remove curse
 w - 2 scrolls of enchant armour
 J - a scroll of identify
Potions
 h - a potion of lignification
 i - 2 potions of flight
 m - 2 potions of haste
 o - a potion of resistance
 q - 3 potions of heal wounds
 v - 6 potions of curing
 x - a potion of invisibility
 z - a potion of agility
 B - a potion of magic
Comestibles
 f - 18 rations


   Skills:
 - Level 6.0(11.0) Fighting
 - Level 6.0(11.0) Throwing
 - Level 8.1(13.1) Dodging
 - Level 0.3(5.3) Stealth
 - Level 10.0(15.0) Unarmed Combat
 + Level 5.5 Invocations
 - Level 4.0 Evocations


You had 10 spell levels left.
You didn't know any spells.
Your spell library contained the following spells:

 Spells                   Type           Power        Failure   Level  Hunger
 Corona                   Hex            #......      43%         1    ##.....
 Sting                    Conj/Pois      #...         43%         1    ##.....
 Summon Butterflies       Summ           #.......     43%         1    ##.....
 Ensorcelled Hibernation  Hex/Ice        #.....       56%         2    ###....
 Poisonous Vapours        Pois/Air       #.....       56%         2    ###....
 Slow                     Hex            #.......     56%         2    ###....
 Call Canine Familiar     Summ           #.......     80%         3    ####...
 Confuse                  Hex            #.......     80%         3    ####...
 Dazzling Spray           Conj/Hex       #.....       80%         3    ####...
 Inner Flame              Hex/Fire       #.......     80%         3    ####...
 Mephitic Cloud           Conj/Pois/Air  #.......     80%         3    ####...
 Portal Projectile        Hex/Tloc       #.....       80%         3    ####...
 Tukima's Dance           Hex            #.......     80%         3    ####...
 Cause Fear               Hex            #.........   99%         4    #####..
 Leda's Liquefaction      Hex/Erth       #.........   99%         4    #####..
 Olgreb's Toxic Radiance  Pois           #.......     99%         4    #####..
 Summon Ice Beast         Ice/Summ       #.......     99%         4    #####..
 Summon Mana Viper        Hex/Summ       #.......     100%        5    ######.
 Venom Bolt               Conj/Pois      #.........   100%        5    ######.
 Summon Hydra             Summ           #.........   100%        7    #######


Dungeon Overview and Level Annotations

Branches:
Dungeon (11/15)            Temple (1/1) D:5            Lair (0/6) D:11
    Orc: D:9-12

Altars:
Ashenzari
Cheibriados
Dithmenos
Elyvilon
Fedhas
Gozag
Hepliaklqana
Kikubaaqudgha
Makhleb
Nemelex Xobeh
Okawaru
Qazlal
Ru
Sif Muna
Trog
Uskayaw
Vehumet
Wu Jian
Xom
Yredelemnul
Zin
The Shining One


Innate Abilities, Weirdness & Mutations

You are too large for most types of armour.
((You have claws for hands.))
Your metabolism is lightning-fast.
You like to eat raw meat.
Your natural rate of healing is unusually fast.
((You are covered in fur. (AC +1)))
((You have very tough skin. (AC +2)))


Message History

The freezing wraith barely misses you.
Press: ? - help, v - describe, . - travel
Here: a freezing wraith (severely damaged)
The floor.
Unknown command.
Unknown command.
Okay, then.
You turn into a tree.
The +3 hat "Ticiolym" {Str+2 SInv} melds into your body.
Your +2 robe of magic resistance melds into your body.
You feel less resistant to hostile enchantments.
Your roots penetrate the ground.
The skeletal warrior hits you from afar with a +0 halberd.
* * * LOW HITPOINT WARNING * * *
The freezing wraith hits you!
* * * LOW HITPOINT WARNING * * *
The freezing wraith freezes you!
* * * LOW HITPOINT WARNING * * *
The freezing wraith hits you!
You die...

........#
#.r.W.........#
#...###.#
#######.######
#.......# #.#
.......## #.#
###.##)# #.#
....# .# # #z#
###.# # ##. #>#
#.#
#...#######.#
#.#
#.?..♣Wzr...# #
#.#
#...######### .
#.# ### # #.#
#.# #.# # ..#
#.##.# #.#
#....# #.#
#.#### #.# #.#
### #.#


You could see a skeletal warrior, a freezing wraith and a quokka (wandering).

Vanquished Creatures
  2 two-headed ogres (D:10)
  An unseen horror (D:11)
  A deep elf mage (D:10)
  A gargoyle (D:10)
  A freezing wraith (D:11)
  A troll (D:10)
  A hornet (D:10)
  2 hippogriffs
  A shadow (D:11)
  2 hungry ghosts
  A wyvern (D:9)
  Duvessa (D:7)
  A black bear (D:7)
  3 necrophages
  3 sky beasts
  3 orc warriors
  A phantom (D:9)
  5 ice beasts
  9 ogres
  8 centaurs
  A big kobold (D:7)
  6 bullfrogs
  A wyvern zombie (D:7)
  A gnoll sergeant (D:6)
  Dowan (D:7)
  4 scorpions
  6 killer bees
  A howler monkey (D:4)
  11 crimson imps
  3 centaur zombies
  A bullfrog zombie (D:7)
  3 gnoll shamans
  5 hounds
  11 orc wizards
  7 orc priests
  2 jellies (D:10)
  A bullfrog skeleton (D:11)
  Ijyb (D:3)
  Terence (D:2)
  5 iguanas
  Natasha (twice) (D:2)
  7 worker ants
  2 killer bee zombies
  A hound skeleton (D:9)
  2 howler monkey zombies (D:6)
  2 howler monkey skeletons
  20 gnolls
  8 adders
  An adder skeleton (D:7)
  2 worms
  2 dart slugs
  10 leopard geckos
  43 orcs
  6 bats
  5 giant cockroaches
  4 goblins
  8 hobgoblins
  12 jackals
  4 ball pythons
  4 frilled lizards
  2 jackal skeletons
  25 kobolds
  A leopard gecko zombie (D:6)
  6 rats
299 creatures vanquished.

Notes
Turn   | Place    | Note
-------+----------+-------------------------------------------
     0 | D:1      | MisterFreud the Troll Hunter began the quest for the Orb.
     0 | D:1      | Reached XP level 1. HP: 19/19 MP: 0/0
    93 | D:1      | Reached skill level 1 in Unarmed Combat
   165 | D:1      | Reached XP level 2. HP: 24/27 MP: 1/1
   206 | D:1      | Reached skill level 2 in Unarmed Combat
   469 | D:2      | Found a shadowy altar of Dithmenos.
   507 | D:2      | Noticed Terence
   512 | D:2      | Killed Terence
   512 | D:2      | Reached skill level 3 in Unarmed Combat
   512 | D:2      | Reached XP level 3. HP: 33/33 MP: 2/2
   848 | D:2      | Reached XP level 4. HP: 32/41 MP: 3/3
  1184 | D:2      | Noticed Natasha
  1193 | D:2      | Killed Natasha
  1193 | D:2      | Reached skill level 4 in Unarmed Combat
  1363 | D:2      | Noticed Natasha
  1367 | D:2      | Killed Natasha
  1428 | D:3      | Noticed Ijyb
  1510 | D:3      | Reached XP level 5. HP: 35/48 MP: 4/4
  1709 | D:3      | Reached skill level 5 in Unarmed Combat
  1731 | D:3      | Killed Ijyb
  1983 | D:3      | Found a glowing golden altar of the Shining One.
  2328 | D:3      | Reached skill level 6 in Unarmed Combat
  2328 | D:3      | Reached XP level 6. HP: 52/55 MP: 5/5
  2561 | D:4      | Reached skill level 7 in Unarmed Combat
  2653 | D:4      | Reached XP level 7. HP: 42/62 MP: 6/6
  2896 | D:4      | Reached skill level 8 in Unarmed Combat
  3288 | D:5      | Entered Level 5 of the Dungeon
  3421 | D:5      | Found a staircase to the Ecumenical Temple.
  3446 | Temple   | Entered the Ecumenical Temple
  3612 | Temple   | Became a worshipper of Warmaster Okawaru
  3708 | D:5      | Reached skill level 5 in Throwing
  3801 | D:5      | Reached XP level 8. HP: 70/70 MP: 7/7
  3936 | D:5      | Reached skill level 1 in Invocations
  4245 | D:5      | Reached * piety under Okawaru
  5206 | D:6      | Found a shadowy altar of Dithmenos.
  5271 | D:7      | Noticed a hippogriff
  5279 | D:6      | Killed a hippogriff
  5279 | D:6      | Reached ** piety under Okawaru
  5287 | D:7      | Reached skill level 5 in Dodging
  5334 | D:7      | Reached XP level 9. HP: 76/76 MP: 9/9
  5444 | D:7      | Noticed Dowan
  5456 | D:7      | Noticed Duvessa
  5475 | D:7      | Killed Duvessa
  5487 | D:7      | Killed Dowan
  5673 | D:7      | Found a burning altar of Makhleb.
  6115 | D:7      | Found a sacrificial altar of Ru.
  6137 | D:7      | Reached *** piety under Okawaru
  6451 | D:8      | Reached skill level 1 in Evocations
  6974 | D:8      | Reached XP level 10. HP: 77/85 MP: 11/11
  7413 | D:10     | Entered Level 10 of the Dungeon
  7444 | D:10     | Reached **** piety under Okawaru
  7791 | D:9      | Found a shimmering altar of Xom.
  7791 | D:9      | Found a glowing silver altar of Zin.
  7791 | D:9      | Noticed an angel
  7912 | D:9      | Found a stormy altar of Qazlal.
  7913 | D:9      | Found an opulent altar of Gozag.
  8081 | D:10     | Noticed a deep elf mage
  8084 | D:10     | Killed a deep elf mage
  8277 | D:10     | Paralysed by a hornet for 1 turns
  8286 | D:10     | Paralysed by a hornet for 2 turns
  8289 | D:10     | Reached skill level 5 in Fighting
  8412 | D:10     | Noticed a two-headed ogre
  8628 | D:10     | Reached ***** piety under Okawaru
  8776 | D:10     | Identified a scroll of acquirement
  8777 | D:10     | Got a blackened hat
  8783 | D:10     | Identified the +3 hat "Ticiolym" {Str+2 SInv} (You acquired
                  | it on level 10 of the Dungeon)
  8882 | D:10     | Noticed a two-headed ogre
  8887 | D:10     | Killed a two-headed ogre
  8887 | D:10     | Received a gift from Okawaru
  8887 | D:10     | Reached skill level 9 in Unarmed Combat
  8887 | D:10     | Reached XP level 11. HP: 79/104 MP: 10/13
  8982 | D:10     | Killed a two-headed ogre
  9410 | D:11     | Noticed an unseen horror
  9411 | D:11     | Found a staircase to the Lair.
  9433 | D:11     | Killed an unseen horror
  9627 | D:11     | Reached skill level 10 in Unarmed Combat
  9666 | D:11     | Reached skill level 5 in Invocations
  9728 | D:11     | Received a gift from Okawaru
  9752 | D:11     | Noticed a skeletal warrior
  9815 | D:11     | HP: 2/156 [freezing wraith[a death knight] (17)]
  9815 | D:11     | Slain by a freezing wraith

Vault maps used:
D:1:      minmay_arrival_three_doors
D:2:      kennysheep_flooded_box, uniq_natasha, uniq_terence
D:3:      tso_metal_star, first_ration, uniq_ijyb
D:5:      minmay_temple_entry_purple_smoke, minivault_23,
          uniq_crazy_yiuf_cottage
D:6:      nicolae_dithmenos_through_a_glass_darkly
D:7:      kennysheep_kobold_camp, marbit_many_paths, makhleb_heckhound_becter,
          uniq_duvessa
D:9:      grunt_temple_overflow_order_and_chaos_1, minitemple
D:11:     lair_entry_dummy
Temple:   regret_index_temple_waves

Skill      XL: |  1  2  3  4  5  6  7  8  9 10 11 |
---------------+----------------------------------+-----
Unarmed Combat | 1 3 4 6 7 8 9 10 | 10.0
Throwing       | 5 6 |  6.0
Invocations    | 2 3 5 |  5.5
Dodging        | 5 8 |  8.1
Evocations     | 3 4 |  4.0
Fighting       | 6 |  6.0
Stealth        | |  0.3

Action                   |  1- 3 |  4- 6 |  7- 9 | 10-12 || total
-------------------------+-------+-------+-------+-------++-------
Melee: Short sword       |    38 |       |       |       ||    38
       Unarmed           |    41 |   162 |   399 |   348 ||   950
       Punch             |       |     4 |    21 |    12 ||    37
Throw: Large rock        |     1 |    12 |     6 |     6 ||    25
       Tomahawk          |     4 |       |       |       ||     4
       Throwing net      |       |       |       |     2 ||     2
Invok: Heroism           |       |       |     2 |    10 ||    12
  Use: Scroll            |     6 |     4 |     5 |     3 ||    18
       Potion            |       |       |     1 |     3 ||     4
  Eat: Chunk             |     8 |    22 |    38 |    41 ||   109
Armor: Robe              |    27 |    50 |    97 |   104 ||   278
       Skin              |       |       |    19 |     1 ||    20
Dodge: Dodged            |    39 |    88 |   176 |   249 ||   552

Table legend:
 A = Non-vault XP
 B = Vault XP
 C = Vault XP percentage of total XP
 D = Non-vault monster count
 E = Vault monster count
 F = Vault count percentage of total count
                 A         B        C        D         E       F
            +---------+---------+-------+---------+---------+-------
      Total |   14972 |     621 |   4.0 |     272 |      27 |   9.0
            +---------+---------+-------+---------+---------+-------
        D:1 |      28 |       0 |   0.0 |      16 |       0 |   0.0
        D:2 |     114 |      69 |  37.7 |      26 |       2 |   7.1
        D:3 |     182 |      36 |  16.5 |      24 |       1 |   4.0
        D:4 |     551 |       0 |   0.0 |      25 |       0 |   0.0
        D:5 |     799 |       0 |   0.0 |      26 |       0 |   0.0
        D:6 |     801 |       0 |   0.0 |      14 |       0 |   0.0
        D:7 |    1457 |     516 |  26.2 |      36 |      24 |  40.0
        D:8 |    1030 |       0 |   0.0 |      17 |       0 |   0.0
        D:9 |    1551 |       0 |   0.0 |      27 |       0 |   0.0
       D:10 |    5968 |       0 |   0.0 |      43 |       0 |   0.0
       D:11 |    2491 |       0 |   0.0 |      18 |       0 |   0.0
            +---------+---------+-------+---------+---------+-------
